 Dungeon Crawl Stone Soup version 0.26.0-45-g9c1d065592 (webtiles) character file.

Game seed: 9839761332549184950

(classic levelgen) 3224 thiole the Covert (level 9, -4/64 HPs)
             Began as an Octopode Venom Mage on Jan 29, 2021.
             Was an Initiate of Gozag.
             Slain by a centaur skeleton (7 damage)
             ... on level 6 of the Dungeon.
             The game lasted 00:31:44 (9827 turns).

thiole the Covert (Octopode Venom Mage)             Turns: 9827, Time: 00:31:44

Health: -4/64      AC:  1    Str:  7    XL:     9   Next: 98%
Magic:  27/27      EV: 15    Int: 20    God:    Gozag
Gold:   894        SH:  0    Dex: 13    Spells: 9/20 levels left

rFire    . . .     SeeInvis .   x - staff of poison
rCold    . . .     Faith    .   (no shield)
rNeg     . . .     Spirit   .   (helmet restricted)
rPois    +         Reflect  .   (no amulet)
rElec    .         Harm     .   u - ring of magical power
rCorr    .         Rampage  .   C - ring of wizardry
Will     .....                  (no ring)
Stlth    +++++.....             (no ring)
HPRegen  0.20/turn              (no ring)
MPRegen  0.20/turn              (no ring)
                                (no ring)
                                (no ring)

@: studying Stealth
A: almost no armour, stealthy swim, amphibious, 8 rings, constrict 8, camouflage
1, gelatinous body 1
a: Renounce Religion, Potion Petition, Call Merchant, Bribe Branch


You were on level 6 of the Dungeon.
You worshipped Gozag.
Gozag was pleased with you.
You visited 1 branch of the dungeon, and saw 8 of its levels.
You also visited: Sewer.

You collected 1167 gold pieces.
You spent 240 gold pieces at shops.
You paid 33 gold pieces to Gozag.

Inventory:

Hand Weapons
 p - a +1 dagger of freezing
 s - a +2 hunting sling of flaming
 z - a +3 halberd
Missiles
 o - 141 stones
Magical Staves
 q - an uncursed staff of conjuration
 x - an uncursed staff of poison (weapon)
Jewellery
 u - a ring of magical power (left tentacle)
 y - an uncursed ring of wizardry
 C - a ring of wizardry (right tentacle)
Wands
 k - a wand of digging (7)
 D - a wand of random effects (24)
Scrolls
 a - 3 scrolls of enchant weapon
 b - 5 scrolls of teleportation
 c - a scroll of magic mapping {unknown}
 d - 5 scrolls of remove curse
 f - 2 scrolls of blinking {unknown}
 n - 2 scrolls of enchant armour {unknown}
 B - a scroll of vulnerability {unknown}
 E - 3 scrolls of immolation {unknown}
Potions
 e - a potion of magic {unknown}
 g - 8 potions of curing
 i - 3 potions of flight {unknown}
 j - 2 potions of ambrosia {unknown}
 l - 5 potions of brilliance {unknown}
 m - 4 potions of heal wounds {unknown}
 r - a potion of lignification {unknown}
 t - a potion of might {unknown}
 v - a potion of experience {unknown}
 w - a potion of attraction {unknown}
Books
 A - a manual of Stealth


   Skills:
 - Level 7.0 Fighting
 - Level 4.0 Dodging
 * Level 10.0 Stealth
 - Level 6.0 Spellcasting
 - Level 3.0 Conjurations
 - Level 2.0 Transmutations
 - Level 4.0 Fire Magic
 - Level 4.0 Air Magic
 - Level 5.0 Poison Magic


You had 9 spell levels left.
You knew the following spells:

 Your Spells              Type           Power        Failure   Level
a - Sting                 Tmut/Pois      100%         1%          1
b - Mephitic Cloud        Conj/Pois/Air  33%          2%          3
c - Ignite Poison         Fire/Tmut/Pois 30%          2%          3
d - Olgreb's Toxic Radia  Pois           39%          5%          4

Your spell library contained the following spells:

 Spells                   Type           Power        Failure   Level
 Poisonous Vapours        Pois/Air       72%          1%          2


Dungeon Overview and Level Annotations

Branches:
Dungeon (8/15)             Temple (0/1) D:7           Sewer (visited)
   Lair: D:8-11

Altars:
Dithmenos
Elyvilon
Gozag
Kikubaaqudgha
Makhleb
Okawaru
Ru
Uskayaw
Wu Jian
Xom
The Shining One

Shops:
D:2 *   D:4 =


Innate Abilities, Weirdness & Mutations

You cannot wear most types of armour.
You are very stealthy in the water. (Stealth+)
You are amphibious.
You can wear up to eight rings at the same time.
You can use your tentacles to constrict eight enemies at once.
Your skin changes colour to match your surroundings (Stealth+).
Your rubbery body absorbs attacks. (AC +1, EV +1)


Message History

The centaur skeleton is severely damaged.
The centaur skeleton hits you. x2
You hit the centaur skeleton but do no damage.
The centaur skeleton is severely damaged.
The centaur skeleton hits you.
You hit the centaur skeleton.
The centaur skeleton is severely damaged.
The centaur skeleton hits you!
* * * LOW HITPOINT WARNING * * *
The centaur skeleton hits you.
* * * LOW HITPOINT WARNING * * *
You hit the centaur skeleton.
The centaur skeleton is almost destroyed.
The centaur skeleton barely misses you. The centaur skeleton hits you!
* * * LOW HITPOINT WARNING * * *
You hit the centaur skeleton.
The centaur skeleton is almost destroyed.
The centaur skeleton hits you!
You die...
Your body crumbles into a pile of gold.

..........
..........
#.........
........#
.......
#....##..
#........
##@.......
##.Z#......
#...# .....
##..## .##.
..###....#
#
..........#
#........##
####.#...#
#######


You could see a centaur skeleton.

Vanquished Creatures
  Joseph (D:7)
  A spriggan (D:7)
  The ghost of kaeus the Sneak, an amateur OpEn of Dithmenos (D:4)
  2 water moccasins
  An orc warrior (D:8)
  3 ice beasts
  2 phantoms
  An ogre (D:6)
  4 centaurs
  4 big kobolds (Sewer)
  2 bullfrogs
  3 scorpions
  7 wights (D:8)
  A quasit (D:7)
  3 orc priests (D:8)
  A bullfrog zombie (D:7)
  3 hounds
  Jessica (D:2)
  An iguana (D:4)
  2 worker ants
  Natasha (D:2)
  An orc wizard (D:8)
  A hound zombie (D:8)
  A hound skeleton (D:5)
  6 adders
  3 gnolls (D:3)
  2 river rats (D:4)
  A shadow imp (D:7)
  4 white imps
  2 ufetubi
  An ooze (Sewer)
  5 worms
  A dart slug (D:3)
  6 leopard geckos
  15 orcs
  8 giant cockroaches
  3 goblins (D:1)
  10 hobgoblins
  6 jackals
  2 quokkas
  2 ball pythons
  5 bats
  7 frilled lizards
  17 kobolds
  11 rats
165 creatures vanquished.

Vanquished Creatures (others)
  A plant (Sewer)
1 creature vanquished.

Grand Total: 166 creatures vanquished

Notes
Turn   | Place    | Note
-------+----------+-------------------------------------------
     0 | D:1      | thiole the Octopode Venom Mage began the quest for the Orb.
     0 | D:1      | Reached XP level 1. HP: 11/11 MP: 3/3
   281 | D:1      | Reached XP level 2. HP: 17/17 MP: 0/5
   359 | D:1      | Reached skill level 3 in Stealth
  1097 | D:2      | Found an iron altar of Okawaru.
  1103 | D:2      | Noticed Jessica
  1389 | D:2      | Reached XP level 3. HP: 21/21 MP: 4/7
  1489 | D:2      | Noticed Natasha
  1681 | D:2      | Killed Natasha
  1682 | D:2      | Reached XP level 4. HP: 27/27 MP: 2/8
  1742 | D:2      | Killed Jessica
  1743 | D:2      | Reached skill level 4 in Stealth
  1904 | D:2      | Found a burning altar of Makhleb.
  2121 | D:2      | Reached skill level 5 in Stealth
  2199 | D:2      | Reached XP level 5. HP: 31/31 MP: 7/9
  2261 | D:2      | Found Gozag's Platinum Reserve.
  2265 | D:2      | Found an opulent altar of Gozag.
  2273 | D:2      | Became a worshipper of Gozag Ym Sagoz the Greedy
  2316 | D:3      | Found a faded altar of an unknown god.
  2538 | D:2      | Learned a level 3 spell: Mephitic Cloud
  2542 | D:2      | Learned a level 3 spell: Ignite Poison
  2850 | D:3      | Found a blossoming altar of Fedhas.
  2852 | D:3      | Found a glowing golden altar of the Shining One.
  2852 | D:3      | Found a shimmering altar of Xom.
  2854 | D:3      | Found an ancient bone altar of Kikubaaqudgha.
  2854 | D:3      | Found a white marble altar of Elyvilon.
  2854 | D:3      | Found a sacrificial altar of Ru.
  3677 | D:3      | Found a shadowy altar of Dithmenos.
  3678 | D:3      | Found a hide-covered altar of Uskayaw.
  3734 | D:3      | Found a glowing golden altar of the Shining One.
  3806 | D:4      | Found a runed translucent door.
  3806 | D:4      | Noticed kaeus's ghost (amateur OpEn)
  4116 | D:4      | Reached XP level 6. HP: 8/36 MP: 2/10
  4132 | D:4      | Reached skill level 1 in Air Magic
  4203 | D:4      | Found a glowing drain.
  4209 | Sewer    | Entered a sewer
  4726 | Sewer    | Reached skill level 1 in Conjurations
  4726 | Sewer    | Reached XP level 7. HP: 26/41 MP: 1/11
  5238 | D:4      | Reached skill level 1 in Fighting
  5661 | D:4      | Learned a level 4 spell: Olgreb's Toxic Radiance
  5694 | D:4      | Found Vuuguexu's Jewellery Shop.
  5703 | D:4      | Bought an uncursed ring of magical power for 240 gold
                  | pieces
  5897 | D:4      | Killed kaeus's ghost
  5898 | D:4      | Reached skill level 5 in Poison Magic
  5898 | D:4      | Reached XP level 8. HP: 43/52 MP: 10/12
  6033 | D:5      | Entered Level 5 of the Dungeon
  6797 | D:5      | You fall into a shaft and drop 3 floors!
  6978 | D:8      | Reached skill level 5 in Fighting
  7771 | D:8      | Reached XP level 9. HP: 58/64 MP: 13/13
  8122 | D:8      | Noticed a komodo dragon
  8268 | D:7      | Found a staircase to the Ecumenical Temple.
  8304 | D:7      | Noticed Joseph
  8315 | D:7      | Killed Joseph
  8507 | D:7      | Reached skill level 5 in Spellcasting
  8959 | D:7      | Found an ornate altar of the Wu Jian Council.
  9434 | D:6      | Reached skill level 6 in Stealth
  9545 | D:6      | Reached skill level 7 in Stealth
  9546 | D:6      | Reached skill level 8 in Stealth
  9678 | D:6      | Reached skill level 9 in Stealth
  9701 | D:6      | Reached skill level 10 in Stealth
  9826 | D:6      | HP: 3/64 [centaur skeleton (7)]
  9827 | D:6      | Slain by a centaur skeleton

Illustrated notes

Levels and vault maps discovered:
D:1:      psy_arrival_dodecagon, layout_basic, dk_noncrumbling_2,
          kennysheep_boxes
D:2:      layout_basic, okawaru_gym_becter, nicolae_gozag_zags_fifth_avenue,
          lemuel_crystal_altar, uniq_jessica, uniq_natasha
D:3:      layout_rooms, doesnt_xom_only_xom, lemuel_doored_altar,
          gammafunk_temple_overflow_pools,
          chequers_ecumenical_altar_simple_redux
D:4:      layout_basic, hellmonk_ghost_happy_afterlife, portal_sewer_entry_e,
          serial_shops, shop
D:5:      layout_cave_pods, lemuel_tele_altar
D:6:      layout_cave_pools, gammafunk_temple_overflow_statue,
          trog_hazing_becter
D:7:      layout_basic, lemuel_crystal_altar, minmay_temple_entry_stoned_glass,
          serial_glass, glass_columns_a, glass_columns_a, glass_columns_b,
          glass_columns_b, glass_columns_b, glass_columns_b, glass_columns_b,
          glass_columns_b, glass_columns_b, glass_columns_a, the_bakery,
          uniq_joseph
D:8:      layout_basic, erik_lair_dragon, minmay_manual_macuahuitl

Skill      XL: |  1  2  3  4  5  6  7  8  9 |
---------------+----------------------------+-----
Stealth        | 3 5 10 | 10.0
Spellcasting   | 3 6 |  6.0
Transmutations | 2 |  2.0
Poison Magic   | 4 5 |  5.0
Dodging        | 4 |  4.0
Air Magic      | 4 |  4.0
Conjurations   | 1 3 |  3.0
Fighting       | 3 7 |  7.0
Fire Magic     | 2 4 |  4.0

Action                   |  1- 3 |  4- 6 |  7- 9 || total
-------------------------+-------+-------+-------++-------
Melee: Unarmed           |    31 |     6 |       ||    37
       Constrict         |     6 |    13 |    23 ||    42
       Tentacles         |     3 |    16 |    15 ||    34
       Staff             |       |    49 |    98 ||   147
 Cast: Sting             |    56 |   118 |    95 ||   269
       Mephitic Cloud    |       |     5 |    24 ||    29
       Ignite Poison     |       |     2 |    34 ||    36
       Olgreb's Toxic Ra |       |       |    13 ||    13
  Use: Scroll            |       |     3 |     4 ||     7
       Potion            |       |     3 |     1 ||     4
 Stab: Invisible         |       |     2 |       ||     2
       Sleeping          |       |     3 |     1 ||     4
       Confused          |       |       |     1 ||     1
Armor: Skin              |     2 |     5 |    14 ||    21
Dodge: Dodged            |    39 |    79 |   114 ||   232
